 Dungeon Crawl Stone Soup version 0.31-a0-819-gf6de2f5ab6 (webtiles) character file.

Game seed: 9563134357430600148

56 qw the Shooter (level 3, -1/22 HPs)
             Began as a Gargoyle Hunter on Sept 23, 2023.
             Slain by a gnoll
             ... wielding a +0 whip
              (7 damage)
             ... on level 2 of the Dungeon.
             The game lasted 00:00:25 (1077 turns).

qw the Shooter (Gargoyle Hunter)                    Turns: 1077, Time: 00:00:26

Health: -1/22      AC:  8    Str: 14    XL:     3   Next: 95%
Magic:  3/3        EV: 10    Int:  9    God:
Gold:   44         SH:  0    Dex: 15    Spells: 2/2 levels left

rFire   . . .        Y - +0 shortbow
rCold   . . .        (shield currently unavailable)
rNeg    + . .        h - +0 ring mail
rPois   inf          (no helmet)
rElec   +            (no cloak)
rCorr   .            (no gloves)
SInv    .            (no boots)
Will    .....        (no amulet)
Stlth   +            (no ring)
HPRegen 0.23/turn    (no ring)
MPRegen 0.08/turn

%: no passive effects
@: no status effects
A: sickness immunity, AC +3, negative energy resistance 1, electricity
resistance, torment resistance 1, petrification resistance
a: no special abilities


You were on level 2 of the Dungeon.
You visited 1 branch of the dungeon, and saw 2 of its levels.

You collected 102 gold pieces.
You spent 58 gold pieces at shops.


Innate Abilities, Weirdness & Mutations

You are immune to sickness and miasma.
Your stone body is resilient. (AC +3)
You are immune to poison.
You resist negative energy. (rN+)
You are resistant to electric shocks. (rElec)
You are resistant to unholy torment.
You are immune to petrification.


   Skills:
 + Level 2.9 Fighting
 - Level 5.0 Ranged Weapons
 - Level 1.0 Armour
 - Level 1.5 Dodging
 - Level 1.1 Stealth


You had 2 spell levels left.
You didn't know any spells.
Your spell library was empty.

Inventory:

Hand Weapons
 Y - a +0 shortbow (weapon)
Armour
 d - a +0 pair of boots
 h - a +0 ring mail (worn)
 j - a +1 leather armour of fire resistance
Scrolls
 a - a scroll of fog {unknown}
 c - a scroll of revelation {unknown}
 f - 2 scrolls of noise {unknown}
Potions
 b - 2 potions of curing {unknown}
 e - a potion of haste {unknown}
 g - a potion of lignification {unknown}
 i - a potion of enlightenment {unknown}
 k - a potion of ambrosia {unknown}

Dungeon Overview and Level Annotations

Branches:
Dungeon (2/15)

Altars:

Shops:
D:2 *


Message History

You shoot an arrow. The arrow hits the gnoll!
You kill the gnoll!
You shoot an arrow. The arrow barely misses the gnoll. x2
The gnoll closely misses you.
You shoot an arrow.
The arrow hits the gnoll but does no damage.
The gnoll is moderately wounded.
The gnoll hits you but does no damage. x2
You shoot an arrow. The arrow hits the gnoll.
The gnoll is heavily wounded.
The gnoll hits you with a +0 club.
You shoot an arrow. The arrow hits the gnoll!
You kill the gnoll!
The gnoll throws a throwing net.
The throwing net hits you.
You become entangled in the net!
You struggle against the net.
You struggle against the net.
The gnoll hits you with a +0 whip.
You struggle against the net.
The gnoll hits you with a +0 whip.
You struggle against the net.
The gnoll hits you with a +0 whip.
You struggle against the net.
The gnoll hits you with a +0 whip.
You shred the net and break free! The gnoll hits you but does no damage.
You shoot an arrow.
The arrow hits the gnoll but does no damage.
The gnoll hits you but does no damage. x2
You shoot an arrow. The arrow barely misses the gnoll.
The gnoll hits you with a +0 whip.
You shoot an arrow. The arrow closely misses the gnoll.
The gnoll hits you with a +0 whip.
You shoot an arrow.
The arrow hits the gnoll but does no damage.
The gnoll hits you with a +0 whip.
You shoot an arrow.
The arrow hits the gnoll but does no damage.
The gnoll hits you with a +0 whip!
You die...

...#### .........
...# #. .# ###.#####
...# #. #.# #.# # #g
#.# #.# #.# #g #.#
#.# ..# #. #.# #.#
#.# #. #.# #.# #.#
#.######.# ###.### .
#.g@.....# #.....# #
#
#######..###.#.#.###
#.# #.............
#.# #.####.#.#.###
#.##### #.# #.....#
......# #.# ##...##
..###.#
#.####.....### ###
#.# #.............
.# #>#
#..###.....##.


You could see a gnoll.

Vanquished Creatures
  2 gnolls (D:2)
  An adder (D:2)
  2 ball pythons
  5 endoplasms
  A goblin (D:1)
  4 hobgoblins (D:1)
  4 bats (D:2)
  3 frilled lizards
  2 kobolds
  5 rats
29 creatures vanquished.

Notes
Turn   | Place    | Note
-------+----------+-------------------------------------------
     0 | D:1      | qw the Gargoyle Hunter began the quest for the Orb.
     0 | D:1      | Reached XP level 1. HP: 12/12 MP: 1/1
     0 | D:1      | 0 ||| qw: Version: 0.3-a-83-gcd0e7d8
     0 | D:1      | 0 ||| qw: Game counter: 1730
     0 | D:1      | 0 ||| qw: Melee chars always use a shield: true
     0 | D:1      | 0 ||| qw: God list: Okawaru
     0 | D:1      | 0 ||| qw: Allow faded altars: false
     0 | D:1      | 0 ||| qw: Do Orc after clearing Dungeon:15 true
     0 | D:1      | 0 ||| qw: Do second Lair branch before Depths: true
     0 | D:1      | 0 ||| qw: Lair rune preference: random
     0 | D:1      | 0 ||| qw: Goals: Normal
     0 | D:1      | 0 ||| PLANNING D:1-11
   142 | D:1      | HP: 1/12 [rat (3)]
   228 | D:1      | Reached XP level 2. HP: 17/17 MP: 2/2
   668 | D:1      | 668 ||| UPGRADING to +0 ring mail.
   678 | D:1      | 678 ||| DROPPING +0 leather armour.
   679 | D:1      | 679 ||| READING scroll labelled SIHOYR MURGHAE.
   680 | D:1      | 680 ||| READING scroll labelled UKKOAG XIZUR.
   681 | D:1      | 681 ||| DROPPING scroll of butterflies.
   759 | D:2      | Reached XP level 3. HP: 21/21 MP: 3/3
   768 | D:2      | Reached skill level 1 in Armour
   818 | D:2      | Found Ices's General Store.
   822 | D:2      | 822 ||| BUYING +0 pair of boots (58 gold).
   822 | D:2      | Bought a +0 pair of boots for 58 gold pieces
   822 | D:2      | 822 ||| SHOPLISTING 2 scrolls of identify (52 gold, have
                  | 34).
   822 | D:2      | 822 ||| SHOPLISTING potion of heal wounds (65 gold, have
                  | 34).
   822 | D:2      | 822 ||| SHOPLISTING scroll of teleportation (39 gold, have
                  | 34).
  1021 | D:2      | Reached skill level 5 in Ranged Weapons
  1052 | D:2      | 1052 ||| RETREEAATING.
  1054 | D:2      | 1054 ||| RETREEAATING.
  1056 | D:2      | 1056 ||| RETREEAATING.
  1076 | D:2      | HP: 5/22 [gnoll/+0 whip (3)]
  1077 | D:2      | Slain by a gnoll

Levels and vault maps discovered:
D:1:      psy_arrival_spokes, layout_loops_ring
D:2:      layout_loops_ring, serial_shops, shop

Skill      XL: |  1  2  3 |
---------------+----------+-----
Armour         | 1 |  1.0
Ranged Weapons | 5 |  5.0
Fighting       | |  2.9
Dodging        | |  1.5
Stealth        | |  1.1

Action                     || total
---------------------------++-------
   Fire: Shortbow          ||   103
    Use: Scroll            ||     2
 Armour: Leather armour    ||    17
         Ring mail         ||    34
  Dodge: Dodged            ||    40

Table legend:
 A = Non-vault XP
 B = Vault XP
 C = Vault XP percentage of total XP
 D = Non-vault monster count
 E = Vault monster count
 F = Vault count percentage of total count
                 A         B        C        D         E       F
            +---------+---------+-------+---------+---------+-------
      Total |      80 |       0 |   0.0 |      29 |       0 |   0.0
            +---------+---------+-------+---------+---------+-------
        D:1 |      26 |       0 |   0.0 |      16 |       0 |   0.0
        D:2 |      54 |       0 |   0.0 |      13 |       0 |   0.0
            +---------+---------+-------+---------+---------+-------
